 Dungeon Crawl Stone Soup version 0.18.1-48-g4cf74bf (webtiles) character file.

351 Alarkh the Poker (level 6, -2/44 HPs)
             Began as a Mummy Skald on July 31, 2016.
             Killed from afar by an orc wizard (11 damage)
             ... with a wand of acid
             ... on level 3 of the Dungeon.
             The game lasted 00:05:33 (3513 turns).

Alarkh the Poker (Mummy Skald)                      Turns: 3513, Time: 00:05:34

Health: -2/44      AC:  4    Str: 15      XL:     6   Next: 34%
Magic:  2/9        EV: 11    Int: 11 (14) God:
Gold:   69         SH:  0    Dex: 11      Spells: 3 memorised, 3 levels left

rFire  x . .     SeeInvis .     a - +0 spear
rCold  + . .     Gourm    .     b - +0 leather armour
rNeg   + + +     Faith    .     (no shield)
rPois  ∞         Spirit   .     j - +0 helmet
rElec  .         Dismiss  .     (no cloak)
rCorr  .         Reflect  .     (no gloves)
SustAt .         Harm     .     (no boots)
MR     +....                    (no amulet)
Stlth  +.........               (no ring)
                                d - ring of protection from magic

@: very slightly contaminated, somewhat resistant to hostile enchantments, very
unstealthy
A: no food or potions, fire vulnerability, cold resistance 1, negative energy
resistance 3, torment resistance, unbreathing
a: no special abilities


You were on level 3 of the Dungeon.
You were not hungry.

You visited 1 branch of the dungeon, and saw 4 of its levels.

You collected 69 gold pieces.

Inventory:

Hand Weapons
 a - a +0 spear (weapon)
Armour
 b - a +0 leather armour (worn)
 j - a +0 helmet (worn)
Jewellery
 d - a ring of protection from magic (left hand)
Scrolls
 e - a scroll of magic mapping
 f - 5 scrolls of remove curse
 h - 2 scrolls of identify
 i - a scroll of enchant armour
 k - a scroll of fog
 l - a scroll of teleportation {unknown}
Books
 c - a book of Battle

   Spells                             Type                      Level
   a - Infusion                       Charms                       1
   b - Shroud of Golubria             Charms/Translocation         2
   c - Song of Slaying                Charms                       2
   d - Spectral Weapon                Hexes/Charms                 3
   e - Regeneration                   Charms/Necromancy            3


   Skills:
 - Level 2.0 Fighting
 + Level 5.6 Polearms
 - Level 0.7 Armour
 - Level 0.7 Dodging
 - Level 2.0 Spellcasting
 - Level 2.4 Charms


You had 3 spell levels left.
You knew the following spells:

 Your Spells              Type           Power        Failure   Level  Hunger
a - Infusion              Chrm           #...         17%         1    N/A
b - Shroud of Golubria    Chrm/Tloc      #.........   34%         2    N/A
c - Spectral Weapon       Hex/Chrm       #.......     73%         3    N/A

Dungeon Overview and Level Annotations

Branches:
Dungeon (4/15)
 Temple: D:4-7

Altars:
Ashenzari
Okawaru
Pakellas
Ru
Vehumet
Yredelemnul


Innate Abilities, Weirdness & Mutations

You do not eat or drink.
Your flesh is vulnerable to fire.
You are immune to poison.
Your flesh is cold resistant.
You are immune to negative energy.
You are immune to unholy pain and torment.
You can survive without breathing.


Message History

The orc wizard zaps a wand.
The bolt of acid hits the orc.
The orc dies!
The bolt of acid misses you.
There is a stone staircase leading up here.
The orc wizard hits you with a dagger.
* * * LOW HITPOINT WARNING * * *
You climb upwards.
There is a stone staircase leading down here.
Read which item? (? for menu, Esc to quit)
Blink to where?
Press: ? - help, Dir - move target cursor You are very lightly contaminated with residual magic.
As you read the scroll of blinking, it crumbles to dust.
Your magical infusion is running out.
There is an open door here.
You are no longer magically infusing your attacks.
The orc wizard zaps a wand.
The bolt of acid misses you.
The orc wizard casts a cantrip, but nothing happens.
The orc wizard zaps a wand.
The bolt of acid hits you!
You die...

##..........#..##.....#......##..
............#..##..####........#.
.....##................##......#.
.....##.###.....##.....##......##
.....##.# #....................##
........###....................##
........#........................
#.......#'####.#(#.............#.
#........o.# #..@#.#.#+####....##
...........###..(+.#+#+####....#.
..#####......#...##............#.
..##.....)..o..#..'............#.
####....####.###..#............#'
...'....+.........#..............
####....####.##.(.#..............
####....####.#....#......##......
#..........#.#....#......#.......


You could see an orc wizard.

Vanquished Creatures
  A hound (D:4)
  Ijyb (D:2)
  Jessica (D:2)
  Terence (D:2)
  An orc wizard (D:3)
  A worker ant (D:2)
  Robin (D:3)
  4 gnolls (D:2)
  4 adders
  An ooze (D:2)
  An adder skeleton (D:4)
  3 dart slugs
  6 orcs
  2 ball pythons
  6 bats
  3 giant cockroaches
  19 goblins
  8 hobgoblins
  9 jackals
  2 quokkas (D:3)
  7 giant newts
  5 kobolds
  7 rats
94 creatures vanquished.

Vanquished Creatures (others)
  A jelly (D:2)
  An orc (D:4)
2 creatures vanquished.

Grand Total: 96 creatures vanquished

Notes
Turn   | Place    | Note
--------------------------------------------------------------
     0 | D:1      | Alarkh the Mummy Skald began the quest for the Orb.
     0 | D:1      | Reached XP level 1. HP: 16/16 MP: 3/3
   291 | D:1      | Reached skill level 2 in Polearms
   340 | D:1      | Reached XP level 2. HP: 22/22 MP: 5/5
   651 | D:2      | Reached XP level 3. HP: 20/27 MP: 0/6
   793 | D:2      | Learned a level 2 spell: Shroud of Golubria
   797 | D:2      | Learned a level 3 spell: Spectral Weapon
   806 | D:2      | Noticed Jessica
   820 | D:2      | Reached skill level 3 in Polearms
   875 | D:2      | Noticed Ijyb
   897 | D:2      | Killed Jessica
   975 | D:2      | Killed Ijyb
   975 | D:2      | Reached XP level 4. HP: 10/33 MP: 1/7
  1314 | D:2      | Noticed Terence
  1328 | D:2      | Killed Terence
  1328 | D:2      | Reached skill level 4 in Polearms
  1418 | D:2      | Reached XP level 5. HP: 29/38 MP: 0/8
  1792 | D:2      | Found an oddly glowing altar of Pakellas.
  1792 | D:2      | Noticed an orange crystal statue
  2075 | D:3      | Noticed Robin
  2193 | D:3      | Killed Robin
  2242 | D:3      | Reached skill level 5 in Polearms
  2707 | D:3      | Reached XP level 6. HP: 31/44 MP: 5/9
  2876 | D:3      | Found a faded altar to an unknown god.
  3052 | D:3      | Became a worshipper of Yredelemnul the Dark
  3052 | D:3      | Reached * piety under Yredelemnul
  3052 | D:3      | Fell from the grace of Yredelemnul
  3249 | D:4      | Found an iron altar of Okawaru.
  3460 | D:4      | Found a radiant altar of Vehumet.
  3478 | D:4      | Found a sacrificial altar of Ru.
  3482 | D:4      | Found a shattered altar of Ashenzari.
  3513 | D:3      | Killed from afar by an orc wizard

Skill      XL: |  1  2  3  4  5 |
---------------+----------------+-----
Polearms       | 2 3 4 5 |  5.6
Fighting       | |  2.0
Armour         | |  0.7
Dodging        | |  0.7
Spellcasting   | |  2.0
Charms         | |  2.4

Action                   |  1- 3 |  4- 6 || total
-------------------------+-------+-------++-------
Melee: Spear             |   113 |   262 ||   375
 Cast: Infusion          |    12 |    36 ||    48
       Shroud of Golubri |       |     1 ||     1
Invok: Renounce Religion |       |     1 ||     1
  Use: Scroll            |     2 |     5 ||     7
Armor: Leather armour    |    27 |    57 ||    84
Dodge: Dodged            |    46 |   131 ||   177
